 Dungeon Crawl Stone Soup version 0.30-b1-5-g8e6c1be481 (webtiles) character file.

Game seed: 314320786699507267

525431 firemarshallily the Conqueror (level 24, -8/185 (204) HPs)
             Began as a Demonspawn Gladiator on May 3, 2023.
             Was the Champion of Hepliaklqana.
             Killed from afar by a shadow dragon (30 damage)
             ... with a bolt of negative energy
             ... on level 5 of the Vaults on May 5, 2023.
             The game lasted 03:46:50 (52045 turns).

firemarshallily the Conqueror (DsGl)               Turns: 52045, Time: 03:46:51

HP:   -8/185 (204)  AC: 47    Str: 37    XL:     24   Next: 78%
MP:   32/32         EV: 20    Int: 11    God:    Hepliaklqana [******]
Gold: 5272          SH: 18    Dex: 16    Spells: 22/23 levels left

rFire   + . .        c - +18 lance "Wyrmbane" {slay drac, rPois rF+ rC+ AC+3}
rCold   + + .        t - +2 kite shield {reflect}
rNeg    . . .        a - +10 plate armour "Wudau" {-Cast rC+ Str+4}
rPois   +            (helmet unavailable)
rElec   +            m - +2 cloak {rCorr}
rCorr   +            w - +2 pair of gloves {hurl}
SInv    +            D - +1 pair of boots
Will    ++...        R - amulet "Ydaybi" {rElec Will+ Regen+ Str+3 Stlth+}
Stlth   +            Z - +6 ring of strength
HPRegen 1.30/turn    N - +5 ring of evasion
MPRegen 0.23/turn

%: no spellcasting, reflection
@: lethally poisoned (-8 -> -8), marked, studying Maces & Flails, drained
A: reduced essence, horns 3, foul stench 3, icemail 1, black mark, sturdy frame
3, condensation shield, bedeviling, see invisible
}: 2/15 runes: decaying, gossamer
a: Renounce Religion, Recall Ancestor, Ancestor Identity, Transference, Idealise


You were on level 5 of the Vaults.
You worshipped Hepliaklqana.
Hepliaklqana was exalted by your worship.
You visited 9 branches of the dungeon, and saw 43 of its levels.
You visited the Abyss 1 time.
You visited 1 bazaar.
You also visited: Sewer, Ossuary, Gauntlet, Ice Cave, Wizlab and Desolation.

You collected 9133 gold pieces.
You spent 3861 gold pieces at shops.

Inventory:

Hand Weapons
 c - the +18 lance "Wyrmbane" (weapon) {slay drac, rPois rF+ rC+ AC+3}
   (You took it off Maggie on level 8 of the Dungeon)

   AC:        It affects your AC (+3).
   rF:        It protects you from fire.
   rC:        It protects you from cold.
   rPois:     It protects you from poison.
Missiles
 d - 3 throwing nets
 e - 8 javelins
 g - 3 silver boomerangs
 k - 70 poisoned darts
 o - 14 silver javelins
 p - 9 curare-tipped darts
 y - 4 boomerangs of dispersal
 E - 6 boomerangs (quivered)
 Q - 4 atropa-tipped darts
Armour
 a - the +10 plate armour "Wudau" (worn) {-Cast rC+ Str+4}
   (You found it on level 1 of the Lair of Beasts)

   Str:       It affects your strength (+4).
   rC:        It protects you from cold.
   -Cast:     It prevents spellcasting.
 m - a +2 cloak of preservation (worn)
 t - a +2 kite shield of reflection (worn)
 w - a +2 pair of gloves of hurling (worn)
 D - a +1 pair of boots (worn)
 W - the +10 tower shield of Ignorance {rN+ Int-4}
   (You found it on level 3 of the Elven Halls)

   Int:       It affects your intelligence (-4).
   rN:        It protects you from negative energy.
Jewellery
 h - a ring of ice
 u - a ring of positive energy
 z - the ring of Xuufinor {rF- rCorr Dex+5 Slay+3}
   (You found it in the Desolation of Salt)

   [ring of resist corrosion]

   Dex:       It affects your dexterity (+5).
   Slay:      It affects your accuracy & damage with ranged weapons and melee
   (+3).
   rF:        It makes you vulnerable to fire.
   rCorr:     It protects you from acid and corrosion.
 H - the dreamshard necklace {*Dream Drain}
   (You found it on level 3 of the Elven Halls)

   [amulet of nothing]

   *Dream:    It shatters if its wearer takes lethal or near-lethal damage,
   preventing the blow and releasing protective dreams that heal and fight for
   the wearer.
   Drain:     It drains your maximum health when unequipped.
 I - the ring of Satisfaction {rElec Will+}
   (You found it in the Desolation of Salt)

   [ring of willpower]

   rElec:     It insulates you from electricity.
   Will:      It increases your willpower.
 N - a +5 ring of evasion (right hand)
 R - the amulet "Ydaybi" (around neck) {rElec Will+ Regen+ Str+3 Stlth+}
   (You acquired it on level 8 of the Dungeon)

   [amulet of regeneration]

   Str:       It affects your strength (+3).
   rElec:     It insulates you from electricity.
   Regen:     It increases your rate of health regeneration.
   Will:      It increases your willpower.
   Stlth:     It makes you more stealthy.
 U - the ring of Discretion {rF+ rCorr Int-3 SInv}
   (You found it in the Desolation of Salt)

   [ring of see invisible]

   Int:       It affects your intelligence (-3).
   rF:        It protects you from fire.
   SInv:      It lets you see invisible.
   rCorr:     It protects you from acid and corrosion.
 Z - a +6 ring of strength (left hand)
Wands
 b - a wand of digging (19)
 s - a wand of roots (48)
Scrolls
 l - 27 scrolls of teleportation
 r - 2 scrolls of silence
 B - 15 scrolls of poison
 G - 2 scrolls of summoning
 L - 8 scrolls of blinking
 S - 5 scrolls of immolation
 V - 6 scrolls of fear
 X - 12 scrolls of fog
 Y - 5 scrolls of magic mapping
Potions
 f - 22 potions of curing
 i - 9 potions of lignification
 j - 4 potions of resistance
 n - 12 potions of flight
 q - 12 potions of attraction
 v - 5 potions of invisibility
 x - 7 potions of cancellation
 A - 5 potions of might
 C - a potion of heal wounds
 F - 6 potions of haste
 J - 3 potions of berserk rage
 K - 6 potions of mutation
 M - 21 potions of ambrosia
Miscellaneous
 O - a phial of floods
 P - a phantom mirror
 T - a box of beasts


   Skills:
 O Level 27 Fighting
 - Level 10.3(12.1) Axes
 - Level 10.1(12.0) Polearms
 + Level 12.8 Throwing
 + Level 21.6 Armour
 - Level 10.5 Dodging
 + Level 12.1 Shields
 - Level 12.2 Invocations


You had 22 spell levels left.
You knew the following spells:

 Your Spells              Type           Power      Damage    Failure   Level
a - Summon Small Mammal   Summ           0%         N/A       61%         1

Your spell library contained the following spells:

 Spells                   Type           Power      Damage    Failure   Level
 Freeze                   Ice            0%         1d3       61%         1
 Kiss of Death            Conj/Necr      0%         2d5       61%         1
 Magic Dart               Conj           0%         1d3       61%         1
 Sandblast                Erth           0%         2d4       61%         1
 Slow                     Hex            0%         N/A       61%         1
 Sting                    Tmut/Pois      0%         1d3       61%         1
 Blink                    Tloc           0%         N/A       75%         2
 Call Imp                 Summ           0%         N/A       75%         2
 Cigotuvi's Dreadful Rot  Necr/Pois/Air  0%         N/A       75%         2
 Ensorcelled Hibernation  Hex/Ice        0%         N/A       75%         2
 Lesser Beckoning         Tloc           0%         N/A       75%         2
 Momentum Strike          Conj/Tloc      0%         3d8       75%         2
 Passwall                 Tmut/Erth      0%         N/A       75%         2
 Searing Ray              Conj           0%         2d4       75%         2
 Static Discharge         Conj/Air       0%         2-2/arc   75%         2
 Call Canine Familiar     Summ           0%         N/A       93%         3
 Confusing Touch          Hex            0%         N/A       93%         3
 Frozen Ramparts          Ice            0%         1d1       93%         3
 Gell's Gravitas          Tloc           0%         N/A       93%         3
 Hailstorm                Conj/Ice       0%         3d3       93%         3
 Ignite Poison            Fire/Tmut/Pois 0%         N/A       93%         3
 Inner Flame              Hex/Fire       0%         N/A       93%         3
 Mephitic Cloud           Conj/Pois/Air  0%         N/A       93%         3
 Ozocubu's Armour         Ice            0%         N/A       93%         3
 Spider Form              Tmut/Pois      0%         N/A       93%         3
 Stone Arrow              Conj/Erth      0%         3d7       93%         3
 Summon Guardian Golem    Hex/Summ       0%         N/A       93%         3
 Swiftness                Air            0%         N/A       93%         3
 Teleport Other           Tloc           0%         N/A       93%         3
 Tukima's Dance           Hex            0%         N/A       93%         3
 Vampiric Draining        Necr           0%         2d6       93%         3
 Airstrike                Air            0%         2d(0-16)  100%        4
 Anguish                  Hex/Necr       0%         N/A       100%        4
 Animate Armour           Summ/Erth      0%         N/A       100%        4
 Animate Dead             Necr           0%         N/A       100%        4
 Cause Fear               Hex            0%         N/A       100%        4
 Dispel Undead            Necr           0%         3d6       100%        4
 Flame Wave               Conj/Fire      0%         2d4       100%        4
 Iskenderun's Mystic Bla  Conj/Tloc      0%         2d3       100%        4
 Leda's Liquefaction      Hex/Erth       0%         N/A       100%        4
 Manifold Assault         Tloc           0%         N/A       100%        4
 Passage of Golubria      Tloc           0%         N/A       100%        4
 Sticky Flame             Conj/Fire      0%         2d3       100%        4
 Summon Ice Beast         Ice/Summ       0%         N/A       100%        4
 Summon Lightning Spire   Summ/Air       0%         N/A       100%        4
 Blade Hands              Tmut           0%         N/A       100%        5
 Borgnjor's Vile Clutch   Necr/Erth      0%         N/A       100%        5
 Fireball                 Conj/Fire      0%         3d3       100%        5
 Freezing Cloud           Conj/Ice/Air   0%         6-21      100%        5
 Iskenderun's Battlesphe  Conj           0%         2d6       100%        5
 Lee's Rapid Deconstruct  Erth           0%         3d4*      100%        5
 Metabolic Englaciation   Hex/Ice        0%         N/A       100%        5
 Silence                  Hex/Air        0%         N/A       100%        5
 Yara's Violent Unravell  Hex/Tmut       0%         3d3       100%        5
 Conjure Ball Lightning   Conj/Air       0%         3x3d6     100%        6
 Death Channel            Necr           0%         N/A       100%        6
 Iron Shot                Conj/Erth      0%         9d1       100%        6
 Plasma Beam              Fire/Air       0%         2x1d11    100%        6
 Simulacrum               Ice/Necr       0%         N/A       100%        6
 Statue Form              Tmut/Erth      0%         N/A       100%        6
 Dragon Form              Tmut           0%         N/A       100%        7
 Enfeeble                 Hex            0%         N/A       100%        7
 Malign Gateway           Summ/Tloc      0%         N/A       100%        7
 Orb of Destruction       Conj           0%         9d5       100%        7
 Ozocubu's Refrigeration  Ice            0%         4d7       100%        7
 Spellforged Servitor     Conj/Summ      0%         N/A       100%        7
 Storm Form               Tmut/Air       0%         N/A       100%        7
 Discord                  Hex            0%         N/A       100%        8
 Disjunction              Tloc           0%         N/A       100%        8
 Infestation              Necr           0%         N/A       100%        8
 Lehudib's Crystal Spear  Conj/Erth      0%         10d2      100%        8
 Summon Horrible Things   Summ           0%         N/A       100%        8
 Dragon's Call            Summ           0%         N/A       100%        9
 Fire Storm               Conj/Fire      0%         5d1       100%        9
 Polar Vortex             Ice            0%         N/A       100%        9


Dungeon Overview and Level Annotations

Branches:
Dungeon (15/15)            Temple (1/1) D:5            Lair (5/5) D:11
  Swamp (4/4) Lair:2       Spider (4/4) Lair:2        Slime (0/5) Lair:4
    Orc (2/2) D:9             Elf (3/3) Orc:2        Vaults (5/5) D:14
  Crypt (0/3) Vaults:3     Depths (4/4) D:15            Zot (0/5) Depths:4
  Sewer (visited)         Ossuary (visited)           IceCv (visited)
 WizLab (visited)         Desolation (visited)      Gauntlet (visited)

Altars:
Ashenzari
Cheibriados
Dithmenos
Fedhas
Gozag
Hepliaklqana
Kikubaaqudgha
Makhleb
Nemelex Xobeh
Okawaru
Qazlal
Ru
Sif Muna
Trog
Uskayaw
Vehumet
Wu Jian
Xom
Yredelemnul
Jiyva

Shops:
D:4 [   D:10 [   D:11 =   D:13 ?=?(   Orc:1 *   Orc:2 ??*?=   Elf:1 ::=*
Elf:2 [(   Elf:3 [   Vaults:1 (   Depths:1 *

Portals:
Hell: Depths:1 Depths:2 Depths:3 Depths:4
Abyss: Depths:1 Depths:3
Pandemonium: Depths:1 Depths:2 Depths:4
Ziggurat: Depths:4

Annotations:
Elf:2 3 runed translucent doors, Soammui's ghost, adept MiBe
Elf:3 Roxanne
Depths:2 6 runed translucent doors
Depths:4 1 runed translucent door, exclusions: 2 upstairs and 2 more exclusions


Innate Abilities, Weirdness & Mutations

Your life essence is reduced to manifest your ancestor. (-10% HP)
You have a pair of large horns on your head.
You frequently emit foul miasma when damaged in melee.
A meltable icy envelope protects you from harm. (AC +4)
Your melee attacks may debilitate your foes.
Your movements are significantly less encumbered by armour. (ER -6)
A meltable shield of frost defends you. (SH +4)
Your hexes are more powerful.
You have supernaturally acute eyesight. (SInv)


Message History

The shadow dragon convulses!
The shadow dragon is heavily wounded.
You feel sick.
Reach: c) +18 lance "Wyrmbane" {slay drac, rPois rF+ rC+ AC+3}
Press: ? - help, Dir - move target, f/p - shadow dragon
Aim: a shadow dragon (heavily wounded, catching its breath, ally target, about 18% to evade the +18 lance "Wyrmbane")
You reach to attack!
You impale the shadow dragon!!
The shadow dragon convulses!!
The shadow dragon is almost dead.
You feel sick.
The shadow dragon is engulfed in blazing flames.
The shadow dragon breathes negative energy at you.
The bolt of negative energy hits the shadow dragon.
The shadow dragon completely resists.
The bolt of negative energy hits you!!
You feel drained.
* * * LOW HITPOINT WARNING * * *
Maria hits the shadow dragon with a +0 antimagic quick blade.
Okay, then.
You barely miss the shadow dragon.
The shadow dragon is almost dead.
You feel sick.
Maria hits the shadow dragon but does no damage.
You hit the shadow dragon.
The shadow dragon convulses.
The shadow dragon looks weaker.
The shadow dragon is almost dead.
You feel sick. You block the shadow dragon's attack.
The shadow dragon barely misses you.
The shadow dragon claws you but does no damage.
A phantasmal warrior comes into view.
The shadow dragon is engulfed in blazing flames.
Maria hits the shadow dragon with a +0 antimagic quick blade!
You feel sick.
Maria mumbles some strange words.
The shadow dragon resists with almost no effort.
The shadow dragon easily resists.
The shadow dragon breathes negative energy at you.
The bolt of negative energy hits Maria.
Maria completely resists.
The bolt of negative energy hits you!!
You feel drained.
You die...

########################
........W○○...DR@......#
........○..)D.[°.......#
###################....#
...##.....##.....#
....##........#..#
#...##......##..#
##....##....###..#
#......#...##.#..#
..........##..#..#


You could see the friendly Maria the hexer and 2 shadow dragons.

Vanquished Creatures
  Mara (Vaults:4)
  A juggernaut (Depths:2)
  Head Instructor (WizLab)
  2 golden dragons
  A bone dragon (Depths:4)
  Mlioglotl (Spider:1)
  Jorgrun (Spider:1)
  3 deep elf blademasters
  3 tentacled monstrosities
  A walking earthen tome (Depths:2)
  Zenata (Elf:3)
  6 titans
  A walking frostbound tome (Depths:1)
  2 deep elf master archers (Elf:3)
  Asterion (Elf:3)
  A quicksilver dragon (WizLab)
  8 sphinxes
  A tentacled starspawn (Abyss:3)
  3 thorn hunters
  6 tengu reavers
  Agnes (Spider:3)
  Kirke (Spider:1)
  A storm dragon (Elf:1)
  Donald (Vaults:1)
  4 shadow dragons
  8 fire giants
  7 emperor scorpions
  4 imperial myrmidons (Desolation)
  5 frost giants
  2 draconian knights (WizLab)
  12 vault wardens
  2 deep elf elementalists (Elf:3)
  5 deep elf sorcerers
  4 ghost moths
  4 iron dragons
  A draconian scorcher (Depths:4)
  A cacodemon (Depths:4)
  14 ironbound preservers
  3 war gargoyles
  A reaper (Gauntlet)
  A spriggan defender (Depths:3)
  17 stone giants
  4 broodmothers
  24 very ugly things
  An ironbound thunderhulk (Vaults:2)
  3 vampire knights
  2 black draconians (Depths:4)
  6 deep elf demonologists
  4 spark wasps
  3 eleionomae (Swamp:2)
  A minotaur (Gauntlet)
  Nessos (Orc:2)
  9 deep elf annihilators
  9 dire elephants
  Azrael (D:13)
  4 bunyips
  A white draconian (Depths:4)
  2 crystal guardians
  4 deep elf death magi (Elf:3)
  9 ettins
  A shambling mangrove (Swamp:3)
  6 ragged hierophants (Desolation)
  2 entropy weavers
  6 deep elf high priests
  7 fire dragons
  5 rakshasas
  5 great orbs of eyes
  10 yaktaur captains
  4 catoblepae (Lair:5)
  7 ice dragons
  28 vault guards
  11 peacekeepers
  18 hydras
  A hell beast (Depths:3)
  3 spriggan air magi
  5 servants of whispers (Desolation)
  19 centaur warriors
  2 ghost crabs
  5 ironbound frosthearts
  2 death knights (D:15)
  9 boulder beetles
  28 dancing weapons
  2 ogre magi
  5 deep troll shamans
  3 alligators
  3 jorogumos
  A radroach (Spider:3)
  6 deep troll earth magi
  5 hell knights
  7 tengu warriors
  A hell hog (Depths:3)
  12 two-headed ogres
  8 death yaks
  A thrashing horror (Abyss:3)
  3 spriggan berserkers
  5 vampire magi
  A soul eater (Depths:3)
  4 orc high priests (Orc:2)
  11 deep elf knights
  A skyshark (Lair:5)
  12 iron trolls
  Nergalle (Lair:3)
  A wretched star (Abyss:3)
  A goliath frog (Swamp:1)
  A salamander mystic (Depths:2)
  5 pharaoh ants
  5 spriggan druids
  2 sun moths
  9 swamp dragons
  A deep troll (shapeshifter) (Vaults:5)
  38 deep trolls
  7 orb spiders
  8 lindwurms
  7 deep elf archers
  3 flayed ghosts (Depths:1)
  A quicksilver dragon simulacrum (Depths:3)
  7 bog bodies
  3 glowing orange brains
  6 wizards
  5 steelbarb worms
  A spectral wolf spider (Spider:4)
  22 deep elf pyromancers
  5 wolf spider zombies (Spider:4)
  7 harpies
  19 deep elf zephyrmancers
  7 orc knights
  3 phantasmal warriors
  17 ironbound convokers
  7 mana vipers (WizLab)
  5 cyclopes
  A glowing shapeshifter (Vaults:5)
  29 ugly things
  3 necromancers
  21 wolf spiders
  A frost giant zombie (Vaults:1)
  3 oklob plants (Lair:2)
  2 salamanders (Depths:2)
  5 manticores
  4 will-o-the-wisps
  4 orc sorcerers
  15 elephants
  8 moths of wrath
  4 guardian serpents (Desolation)
  An ice statue (IceCv)
  9 demonic crawlers
  A naga mage (WizLab)
  6 torpor snails
  16 vault sentinels
  4 black mambas
  5 cane toads
  2 smoke demons
  A molten gargoyle (Desolation)
  2 gargoyles
  An efreet (D:13)
  8 freezing wraiths
  4 rime drakes
  16 ice devils
  Maggie (D:8)
  19 yaktaurs
  8 komodo dragons
  A yaktaur (shapeshifter) (D:14)
  2 kobold demonologists (D:11)
  8 tengu conjurers
  2 polar bears
  3 trolls
  9 meliai
  A red devil (Depths:4)
  A queen bee (Spider:1)
  4 hellwings
  8 wolf spider simulacra (Spider:4)
  26 tarantellas
  15 hornets
  A wind drake (shapeshifter) (D:15)
  44 saltlings (Desolation)
  15 blink frogs
  10 tyrant leeches
  14 dream sheep
  An air elemental (Elf:1)
  38 slime creatures
  6 spriggans
  24 jumping spiders
  7 wraiths
  33 yaks
  15 culicivoras
  8 water elementals
  Sigmund (D:4)
  8 shadows
  7 wyverns
  4 dire elephant simulacra (IceCv)
  2 humans (Spider:1)
  A golden eye (shapeshifter) (D:15)
  12 vampire mosquitoes
  8 fire elementals
  3 basilisks
  A steam dragon (D:7)
  2 death yak simulacra (IceCv)
  2 hogs (Spider:1)
  52 redbacks
  11 swamp worms
  A swamp worm (shapeshifter) (Depths:3)
  12 water moccasins
  A hell hound (D:13)
  2 acid dragons
  Duvessa (D:6)
  A floating eye (Lair:2)
  A hydra simulacrum (IceCv)
  Pargi (Sewer)
  22 orc warriors
  5 sky beasts
  A black bear (shapeshifter) (D:15)
  2 black bears
  3 ice beasts
  8 swamp drakes
  9 ogres
  5 wolves (Lair:3)
  23 centaurs
  A phantom (D:6)
  5 elf zombies (Ossuary)
  10 bullfrogs
  5 earth elementals
  2 gnoll sergeants
  4 scorpions
  3 kobold brigands
  A human skeleton (Vaults:4)
  A two-headed ogre simulacrum (IceCv)
  3 cane toad simulacra (IceCv)
  16 wights
  7 hexers
  Dowan (D:6)
  14 jellies
  30 killer bees
  3 elephant simulacra (IceCv)
  3 howler monkeys
  5 centaur zombies (Ossuary)
  5 hounds
  3 human zombies
  An iron imp (D:11)
  2 gnoll boudas (D:6)
  16 orc priests
  2 sleepcaps (D:6)
  6 iguanas
  11 orc wizards
  Natasha (thrice) (D:3)
  A troll simulacrum (IceCv)
  4 polar bear simulacra (IceCv)
  A spriggan simulacrum (IceCv)
  4 wolf simulacra (IceCv)
  4 mummies
  12 adders
  24 gnolls
  A naga simulacrum (IceCv)
  3 river rats (D:6)
  3 shadow imps
  15 white imps
  2 ufetubi
  4 worms
  3 dart slugs
  54 orcs
  5 endoplasms
  5 giant cockroaches
  5 goblins
  13 hobgoblins
  2 jackals (D:2)
  2 quokkas
  6 ball pythons
  6 bats
  5 frilled lizards
  16 kobolds
  8 rats
  A spectral orc (D:4)
  4 briar patches
  A butterfly (D:4)
  3 starspawn tentacles (Abyss:3)
1803 creatures vanquished.

Vanquished Creatures (collateral kills)
  A juggernaut (Depths:4)
  Nikola (Spider:1)
  2 tentacled monstrosities (Depths:4)
  2 liches
  A tentacled starspawn (Abyss:3)
  A tengu reaver (Vaults:5)
  A fire giant (D:15)
  2 frost giants
  A deep elf sorcerer (Elf:3)
  A ghost moth (Spider:3)
  A vault warden (Vaults:2)
  2 deep elf elementalists (Elf:3)
  3 ironbound preservers
  A very ugly thing (Depths:4)
  A war gargoyle (Vaults:5)
  2 ironbound thunderhulks
  2 stone giants
  A deep elf demonologist (Elf:1)
  A red draconian (Depths:4)
  3 dire elephants
  A spark wasp (Spider:3)
  A deep elf annihilator (Elf:3)
  2 bunyips
  A deep elf death mage (Elf:3)
  A yaktaur captain (Vaults:5)
  2 ettins (Vaults:5)
  3 fire dragons
  A rakshasa (Depths:3)
  A servant of whispers (Desolation)
  An entropy weaver (Spider:4)
  2 great orbs of eyes
  A ragged hierophant (Desolation)
  A deep elf high priest (Elf:3)
  2 hydras (Swamp:4)
  An ice dragon (Depths:4)
  3 centaur warriors
  2 catoblepae
  A peacekeeper (Desolation)
  3 vault guards
  3 ironbound frosthearts
  A spriggan air mage (Depths:4)
  A jorogumo (Spider:3)
  2 boulder beetles
  4 dancing weapons (Elf:2)
  4 death yaks (Lair:5)
  An alligator (Swamp:1)
  An orc high priest (Orc:2)
  A spriggan berserker (Depths:4)
  2 deep elf knights (Elf:1)
  2 pharaoh ants
  Lodul (D:10)
  A flayed ghost (D:15)
  A spriggan druid (Swamp:3)
  An orb spider (Spider:3)
  5 ironbound convokers
  A bog body (Swamp:1)
  2 deep elf zephyrmancers
  9 deep trolls
  2 deep elf archers (Elf:1)
  2 glowing orange brains
  2 harpies
  An orc knight (Orc:2)
  A wizard (Vaults:4)
  10 ugly things
  2 deep elf pyromancers (Elf:2)
  An orc sorcerer (Elf:1)
  A manticore (D:13)
  3 wolf spiders
  A salamander (Depths:2)
  2 cyclopes
  3 elephants
  2 vault sentinels (Vaults:2)
  A naga mage (WizLab)
  A gargoyle (D:13)
  2 orange demons
  Psyche (D:8)
  An ice devil (IceCv)
  3 yaktaurs
  A hellwing (Depths:4)
  A troll (Orc:2)
  A tyrant leech (Swamp:4)
  3 blink frogs
  A hornet (Spider:4)
  A frost giant simulacrum (Vaults:4)
  10 saltlings (Desolation)
  5 tarantellas
  5 jumping spiders
  4 dream sheep
  6 slime creatures
  A deep troll skeleton (Vaults:4)
  4 culicivoras
  4 spriggans
  A yak (shapeshifter) (D:13)
  2 wraiths
  7 yaks
  2 vampire mosquitoes
  3 hogs (Spider:1)
  5 redbacks
  5 swamp worms
  2 glowing shapeshifter zombies
  A harpy simulacrum (IceCv)
  A water moccasin (Lair:2)
  3 swamp drakes
  5 orc warriors
  5 ogres
  2 centaurs
  3 bullfrogs
  2 gnoll sergeants
  A two-headed ogre simulacrum (IceCv)
  3 wights
  2 elephant simulacra (IceCv)
  3 killer bees
  A crimson imp (D:11)
  A howler monkey (D:11)
  A jelly (Lair:4)
  7 orc priests
  An orc wizard (Elf:1)
  2 wolf simulacra (IceCv)
  A white imp (Lair:1)
  An ufetubus (IceCv)
  8 orcs
  An orc (shapeshifter) (D:14)
  4 kobolds
  A bush (Lair:5)
279 creatures vanquished.

Vanquished Creatures (others)
  An angel (D:6)
  A dancing weapon (Elf:2)
  A deep elf knight (Elf:1)
  A swamp dragon (Swamp:3)
  A necromancer (IceCv)
  A deep elf pyromancer (Elf:3)
  A bloated husk (Swamp:3)
  A meliai (Spider:1)
  A chaos spawn (Depths:4)
  A swamp drake (Swamp:4)
  3 ancestors
  68 hexers
  2 orcs (Elf:1)
  A briar patch (Swamp:2)
  26 foxfires
  7 fungi
  39 plants
  3 starspawn tentacles (Abyss:3)
  25 withered plants (Gauntlet)
184 creatures vanquished.

Grand Total: 2266 creatures vanquished

Notes
Turn   | Place    | Note
-------+----------+-------------------------------------------
     0 | D:1      | firemarshallily the Demonspawn Gladiator began the quest
                  | for the Orb.
     0 | D:1      | Reached XP level 1. HP: 16/16 MP: 1/1
    31 | D:1      | Found a faded altar of an unknown god.
    41 | D:1      | Found Isokuy's Distillery.
   105 | D:1      | Gained mutation: A meltable shield of frost defends you.
                  | (SH +4) [demonic ancestry]
   105 | D:1      | Reached XP level 2. HP: 23/23 MP: 2/2
   187 | D:1      | Bought a potion of curing for 33 gold pieces
   681 | D:1      | Bought a potion of lignification for 33 gold pieces
   739 | D:2      | Reached XP level 3. HP: 22/28 MP: 3/3
   941 | D:2      | Reached skill level 1 in Armour
  1115 | D:1      | Bought a potion of heal wounds for 55 gold pieces
  1288 | D:2      | Reached skill level 3 in Fighting
  1638 | D:1      | Bought a potion of attraction for 33 gold pieces
  1704 | D:3      | Identified the +4 chain mail of the Vestibule of Hell
                  | {rCorr Str+3}
  1944 | D:3      | Reached XP level 4. HP: 35/35 MP: 4/4
  2035 | D:3      | Noticed Natasha
  2048 | D:3      | Killed Natasha
  2427 | D:3      | Noticed Natasha
  2430 | D:3      | Killed Natasha
  2669 | D:3      | Noticed Natasha
  2677 | D:3      | Killed Natasha
  2678 | D:3      | Gained mutation: You may rarely emit foul miasma when
                  | damaged in melee. [demonic ancestry]
  2678 | D:3      | Reached XP level 5. HP: 29/42 MP: 5/5
  2730 | D:4      | Noticed Sigmund
  2740 | D:4      | Killed Sigmund
  2741 | D:4      | Reached skill level 4 in Fighting
  2741 | D:4      | Reached XP level 6. HP: 49/49 MP: 6/6
  2951 | D:4      | Noticed an ice beast
  2981 | D:4      | Killed an ice beast
  3005 | D:4      | Found Qirriruy's Armour Emporium.
  3033 | D:4      | Bought a +0 cloak for 58 gold pieces
  3178 | D:4      | Found an iron altar of Okawaru.
  3277 | D:4      | Found a basalt altar of Yredelemnul.
  3337 | D:5      | Entered Level 5 of the Dungeon
  3425 | D:5      | Found a radiant altar of Vehumet.
  3536 | D:5      | Reached skill level 5 in Axes
  3576 | D:5      | Found a staircase to the Ecumenical Temple.
  3611 | D:5      | Found a stormy altar of Qazlal.
  3616 | D:5      | Noticed an orc warrior
  3647 | D:5      | Killed an orc warrior
  3648 | D:5      | Reached skill level 5 in Fighting
  3648 | D:5      | Gained mutation: You sometimes emit foul miasma when
                  | damaged in melee. [demonic ancestry]
  3648 | D:5      | Reached XP level 7. HP: 54/56 MP: 7/7
  3983 | D:5      | Identified a scroll of acquirement
  3984 | D:5      | Acquired 789 gold pieces
  4123 | D:1      | Bought a potion of curing for 33 gold pieces
  4123 | D:1      | Bought a potion of curing for 33 gold pieces
  4123 | D:1      | Bought a potion of curing for 33 gold pieces
  4123 | D:1      | Bought a potion of invisibility for 88 gold pieces
  4123 | D:1      | Bought a potion of brilliance for 44 gold pieces
  4314 | D:6      | Noticed Dowan
  4316 | D:6      | Noticed Duvessa
  4323 | D:6      | Killed Dowan
  4332 | D:6      | Killed Duvessa
  4454 | D:6      | Found a glowing drain.
  4458 | Sewer    | Entered a sewer
  4477 | Sewer    | Noticed Pargi
  4496 | Sewer    | Killed Pargi
  4497 | Sewer    | Reached skill level 6 in Fighting
  4497 | Sewer    | Gained mutation: Your movements are slightly less
                  | encumbered by armour. (ER -2) [demonic ancestry]
  4497 | Sewer    | Reached XP level 8. HP: 52/64 MP: 8/8
  4749 | D:6      | Found a sand-covered staircase.
  4765 | Ossuary  | Entered an ossuary
  4936 | Ossuary  | Reached skill level 7 in Fighting
  5211 | D:6      | Gained mutation: You frequently emit foul miasma when
                  | damaged in melee. [demonic ancestry]
  5211 | D:6      | Reached XP level 9. HP: 49/73 MP: 5/9
  5295 | D:6      | Noticed an angel
  5296 | D:6      | Found a shimmering altar of Xom.
  5367 | D:6      | Reached skill level 8 in Fighting
  5486 | D:6      | Reached skill level 5 in Armour
  5646 | D:6      | Killed an angel
  6043 | D:7      | Learned a level 1 spell: Summon Small Mammal
  6152 | D:7      | Reached skill level 9 in Fighting
  6276 | D:7      | Found a burning altar of Makhleb.
  6276 | D:7      | Found a blossoming altar of Fedhas.
  6276 | D:7      | Found a shimmering altar of Xom.
  6628 | D:7      | Reached XP level 10. HP: 83/83 MP: 10/10
  6761 | D:7      | Identified the +5 mace of Valiance {heavy, Dex+4}
  7134 | Temple   | Entered the Ecumenical Temple
  7239 | Temple   | Became a worshipper of Hepliaklqana the Forgotten
  7480 | D:6      | Reached skill level 10 in Fighting
  7673 | D:7      | Noticed a boulder beetle
  7690 | D:7      | Killed a boulder beetle
  7708 | D:7      | Noticed a gargoyle
  7731 | D:7      | Killed a gargoyle
  7732 | D:7      | Reached skill level 10 in Axes
  7785 | D:7      | Noticed a two-headed ogre
  7795 | D:7      | Killed a two-headed ogre
  7987 | D:7      | Got the Parchment of Phantasms and Variation
  8193 | D:7      | Found a bloodstained altar of Trog.
  8194 | D:7      | Found a sparkling altar of Nemelex Xobeh.
  8425 | D:8      | Noticed Maggie
  8510 | D:8      | Killed Maggie
  8511 | D:8      | Reached skill level 11 in Fighting
  8511 | D:8      | Gained mutation: You have a pair of small horns on your
                  | head. [demonic ancestry]
  8511 | D:8      | Reached XP level 11. HP: 45/93 MP: 5/11
  8731 | D:8      | Reached skill level 1 in Polearms
  8846 | D:8      | Identified the +10 short sword "Ris Nouj" {venom, MP-9
                  | Int+8}
  8942 | D:8      | Acquired the amulet "Ydaybi" {rElec Will+ Regen+ Str+3
                  | Stlth+}
  9022 | D:8      | Reached * piety under Hepliaklqana
  9178 | D:8      | Noticed Psyche
  9188 | D:8      | Killed Psyche
  9313 | D:8      | Noticed a two-headed ogre
  9324 | D:8      | Killed a two-headed ogre
  9789 | D:9      | Found a shadowy altar of Dithmenos.
  9921 | D:9      | Found a staircase to the Orcish Mines.
 10150 | D:10     | Entered Level 10 of the Dungeon
 10167 | D:10     | Noticed a two-headed ogre
 10180 | D:10     | Killed a two-headed ogre
 10181 | D:10     | Reached skill level 12 in Fighting
 10287 | D:10     | Reached ** piety under Hepliaklqana
 10288 | D:10     | Remembered your ancestor Maria as a hexer
 10306 | D:10     | Noticed Lodul
 10322 | D:10     | Killed Lodul
 10323 | D:10     | Reached skill level 5 in Polearms
 10345 | D:10     | Found Ziam's Antique Armour Shoppe.
 10357 | D:10     | Bought a pair of boots for 153 gold pieces
 10465 | D:10     | Noticed a two-headed ogre
 10473 | D:10     | Killed a two-headed ogre
 10790 | D:11     | Found Usitsup's Jewellery Boutique.
 10811 | D:11     | Noticed a catoblepas
 10821 | D:11     | Killed a catoblepas
 10895 | D:11     | Reached XP level 12. HP: 87/92 MP: 12/12
 11156 | D:11     | Identified the +1 hat "Potzeoj" {Will+ rCorr}
 11387 | D:11     | Found a staircase to the Lair.
 11488 | D:11     | Reached skill level 13 in Fighting
 11614 | D:11     | Reached *** piety under Hepliaklqana
 12185 | D:12     | Noticed a boulder beetle
 12244 | D:12     | Killed a boulder beetle
 12746 | D:13     | Noticed a centaur warrior
 12766 | D:13     | Killed a centaur warrior
 12805 | D:13     | Reached skill level 14 in Fighting
 12856 | D:13     | Found Xailoqu's Magic Scroll Emporium.
 12861 | D:13     | Found Xega's Magic Scroll Emporium.
 12862 | D:13     | Found Yfoagilu's Antique Weapon Emporium.
 12862 | D:13     | Found Gymnaevu's Jewellery Emporium.
 12865 | D:13     | Bought a scroll of poison for 44 gold pieces
 12865 | D:13     | Bought a scroll of immolation for 44 gold pieces
 12865 | D:13     | Bought a scroll of fear for 44 gold pieces
 12865 | D:13     | Bought a scroll of blinking for 82 gold pieces
 12865 | D:13     | Bought a scroll of blinking for 82 gold pieces
 12865 | D:13     | Bought a scroll of teleportation for 33 gold pieces
 12865 | D:13     | Bought a scroll of identify for 22 gold pieces
 12883 | D:13     | Bought a scroll of teleportation for 36 gold pieces
 12883 | D:13     | Bought a scroll of fog for 48 gold pieces
 12883 | D:13     | Bought a scroll of magic mapping for 90 gold pieces
 12883 | D:13     | Bought a scroll of teleportation for 36 gold pieces
 12895 | D:13     | Bought a +6 ring of strength for 504 gold pieces
 13020 | D:13     | Noticed a boulder beetle
 13036 | D:13     | Killed a boulder beetle
 13037 | D:13     | Reached XP level 13. HP: 101/101 MP: 13/13
 13166 | D:13     | Noticed Azrael
 13190 | D:13     | Killed Azrael
 13525 | Lair:1   | Entered Level 1 of the Lair of Beasts
 13543 | Lair:1   | Found a frozen archway.
 13551 | Lair:1   | Reached **** piety under Hepliaklqana
 13573 | IceCv    | Entered an ice cave
 13906 | IceCv    | Found an ancient bone altar of Kikubaaqudgha.
 14268 | IceCv    | Reached skill level 15 in Fighting
 14314 | IceCv    | Got Simple Sorcery
 14567 | Lair:1   | Identified the +10 plate armour "Wudau" {-Cast rC+ Str+4}
 14670 | Lair:1   | Reached skill level 10 in Polearms
 14804 | Lair:1   | Reached skill level 10 in Armour
 14872 | Lair:1   | Found a snail-covered altar of Cheibriados.
 15300 | Lair:2   | Identified the +3 scale mail of Foolhardiness {rC+ rCorr
                  | Slay+4}
 15498 | Lair:2   | Gained mutation: You have a pair of horns on your head.
                  | [demonic ancestry]
 15498 | Lair:2   | Reached XP level 14. HP: 111/111 MP: 14/14
 15500 | Lair:2   | Found a staircase to the Swamp.
 15653 | Lair:2   | Found a hole to the Spider Nest.
 15826 | Lair:2   | Reached skill level 16 in Fighting
 16604 | Lair:3   | Noticed Nergalle
 16613 | Lair:3   | Killed Nergalle
 16749 | Lair:3   | Found a runed translucent door.
 16752 | Lair:3   | Acquired 823 gold pieces
 17145 | Lair:4   | Reached ***** piety under Hepliaklqana
 17373 | Lair:4   | Found a viscous altar of Jiyva.
 17491 | Lair:4   | Found a staircase to the Slime Pits.
 17510 | Lair:4   | Reached skill level 17 in Fighting
 18062 | Lair:5   | Entered Level 5 of the Lair of Beasts
 18514 | Lair:5   | Reached skill level 18 in Fighting
 18805 | Lair:5   | Gained mutation: Your movements are less encumbered by
                  | armour. (ER -4) [demonic ancestry]
 18805 | Lair:5   | Reached XP level 15. HP: 122/122 MP: 15/15
 19847 | D:14     | Found a gate to the Vaults.
 19910 | D:14     | Reached skill level 19 in Fighting
 20583 | D:15     | Entered Level 15 of the Dungeon
 20634 | D:15     | Reached skill level 1 in Shields
 21260 | D:15     | Noticed a frost giant
 21261 | D:15     | Found a staircase to the Depths.
 21269 | D:15     | Killed a frost giant
 21307 | D:15     | Reached XP level 16. HP: 131/133 MP: 16/16
 21473 | Orc:1    | Entered Level 1 of the Orcish Mines
 21501 | Orc:1    | Found Hitt's General Store.
 21552 | Orc:1    | Reached skill level 5 in Shields
 21640 | Orc:1    | Reached skill level 20 in Fighting
 21738 | Orc:1    | Bought a potion of resistance for 180 gold pieces
 21866 | Orc:2    | Entered Level 2 of the Orcish Mines
 21868 | Orc:2    | Found Tackannepn's Jewellery Boutique.
 21871 | Orc:2    | Found a gate leading to a gauntlet.
 21891 | Gauntlet | Entered a Gauntlet
 21891 | Gauntlet | Found a transporter.
 21891 | Gauntlet | Found a transporter.
 21896 | Gauntlet | Found a transporter.
 21904 | Gauntlet | Found a transporter.
 21906 | Gauntlet | Found a transporter.
 21914 | Gauntlet | Found a transporter.
 21938 | Gauntlet | Found a transporter.
 21938 | Gauntlet | Found a transporter.
 21977 | Gauntlet | Found a transporter.
 21978 | Gauntlet | Reached ****** piety under Hepliaklqana
 22003 | Gauntlet | Found a transporter.
 22017 | Gauntlet | Found a transporter.
 22069 | Gauntlet | Found a transporter.
 22174 | Gauntlet | Identified the +1 helmet of Ykiweus {rPois Int+6 Dex-2}
 22309 | Gauntlet | Identified the +3 chain mail of the Stars {Str+3}
 22321 | Gauntlet | Identified the +10 trident of False Hope {freeze, rPois
                  | Int+2 Dex+2}
 22321 | Gauntlet | Identified the +0 tower shield of Hauliecw {Rampage rN+
                  | Dex+4}
 22379 | Gauntlet | Identified the +4 pair of gloves of Vampiric Thralls {+Inv
                  | Fly Str-5}
 22380 | Gauntlet | Got the Handbook of Shifting
 22387 | Gauntlet | Identified the scarf of Vexation {+Inv, Harm rC+ Int+3}
 22642 | Orc:2    | Found a staircase to the Elven Halls.
 22666 | Orc:2    | Noticed Nessos
 22680 | Orc:2    | Killed Nessos
 23427 | Orc:2    | Found Xodel's Magic Scroll Shoppe.
 23427 | Orc:2    | Found Faog's Magic Scroll Shoppe.
 23428 | Orc:2    | Found Odio's General Store.
 23428 | Orc:2    | Found Jeulej's Magic Scroll Emporium.
 23435 | Orc:2    | Bought 2 scrolls of teleportation for 90 gold pieces
 23435 | Orc:2    | Bought a scroll of teleportation for 45 gold pieces
 23435 | Orc:2    | Bought a scroll of teleportation for 45 gold pieces
 23436 | Orc:2    | Bought a potion of berserk rage for 70 gold pieces
 23436 | Orc:2    | Bought a potion of lignification for 42 gold pieces
 23436 | Orc:2    | Bought a potion of lignification for 42 gold pieces
 23438 | Orc:2    | Bought a scroll of fog for 56 gold pieces
 23438 | Orc:2    | Bought a scroll of fog for 56 gold pieces
 23438 | Orc:2    | Bought a scroll of silence for 133 gold pieces
 23439 | Orc:2    | Bought a scroll of fog for 60 gold pieces
 23439 | Orc:2    | Bought a scroll of summoning for 142 gold pieces
 23807 | Swamp:1  | Entered Level 1 of the Swamp
 24373 | Swamp:2  | Noticed a thorn hunter
 24386 | Swamp:2  | Killed a thorn hunter
 24564 | Swamp:2  | Reached skill level 21 in Fighting
 25454 | Swamp:3  | Got the Commentary on the Unified Pyre
 25903 | Swamp:4  | Entered Level 4 of the Swamp
 25903 | Swamp:4  | Noticed a thorn hunter
 25914 | Swamp:4  | Killed a thorn hunter
 25966 | Swamp:4  | Reached XP level 17. HP: 134/142 MP: 17/17
 26397 | Swamp:4  | Reached skill level 22 in Fighting
 26470 | Swamp:4  | Got a decaying rune of Zot
 26821 | Spider:1 | Entered Level 1 of the Spider Nest
 26865 | Spider:1 | Noticed Nikola
 26875 | Spider:1 | Killed Nikola
 26922 | Spider:1 | Reached skill level 15 in Armour
 27524 | Spider:1 | Noticed Jorgrun
 27542 | Spider:1 | Killed Jorgrun
 27720 | Spider:1 | Noticed Kirke
 27727 | Spider:1 | Killed Kirke
 28225 | D:11     | Bought a ring of see invisible for 225 gold pieces
 28551 | Spider:1 | Reached skill level 23 in Fighting
 28594 | Spider:2 | Noticed Mlioglotl
 28671 | Spider:1 | Killed Mlioglotl
 29300 | Spider:2 | Reached XP level 18. HP: 153/153 MP: 18/18
 30125 | Spider:3 | Noticed Agnes
 30173 | Spider:3 | Killed Agnes
 31058 | Spider:4 | Entered Level 4 of the Spider Nest
 31071 | Spider:4 | Reached skill level 24 in Fighting
 32078 | Spider:4 | Acquired 630 gold pieces
 32633 | Spider:4 | Reached skill level 25 in Fighting
 32633 | Spider:4 | Gained mutation: You have a pair of large horns on your
                  | head. [demonic ancestry]
 32633 | Spider:4 | Reached XP level 19. HP: 164/164 MP: 19/19
 32644 | Spider:4 | Got a gossamer rune of Zot
 32913 | Vaults:1 | Entered Level 1 of the Vaults
 33278 | Vaults:1 | Gained mutation: Your movements are significantly less
                  | encumbered by armour. (ER -6) [demonic ancestry]
 33278 | Vaults:1 | Reached XP level 20. HP: 160/172 MP: 20/20
 33633 | Vaults:1 | Reached skill level 1 in Invocations
 33848 | Vaults:1 | Noticed Donald
 33864 | Vaults:1 | Killed Donald
 33897 | Vaults:1 | Found Etucrod's Weapon Boutique.
 33905 | Vaults:1 | Bought 3 boomerangs of dispersal for 270 gold pieces
 34181 | Vaults:2 | Found a flickering gateway to a bazaar.
 34190 | Bazaar   | Entered a bazaar
 34234 | Bazaar   | Found Riwix's Antique Weapon Emporium.
 34234 | Bazaar   | Found Ypolaom's Antique Weapon Shoppe.
 34256 | Bazaar   | Found Lasuoxke's Jewellery Emporium.
 34309 | Vaults:2 | Found a crumbling gateway.
 34326 | Desolati | Entered the Desolation of Salt
 34597 | Desolati | Reached skill level 26 in Fighting
 34829 | Desolati | Got the Information on the Queen Bee and the Sixfirhy
 34839 | Desolati | Got the Papyrus of the Combative Pyromaniac
 34899 | Desolati | Identified the -1 cloak of Insatiable Hunger {-Tele rN++
                  | Int+2}
 34930 | Desolati | Identified the amulet "Caoron" {rC- Regen+ rCorr Int+3}
 35112 | Desolati | Identified the ring of Xuufinor {rF- rCorr Dex+5 Slay+3}
 35119 | Desolati | Got Vowelis's Grimoire of the Sandy Shot
 35120 | Desolati | Identified the +7 falchion of Yxiskaq {vamp, rC+ rCorr
                  | Int+2 SInv}
 35125 | Desolati | Identified the ring of Satisfaction {rElec Will+}
 35132 | Desolati | Identified the ring of Discretion {rF+ rCorr Int-3 SInv}
 36101 | Vaults:2 | Reached XP level 21. HP: 123/181 MP: 22/22
 36973 | Vaults:3 | Identified the +0 arbalest of Infection {antimagic, Fragile
                  | Int+5 Stlth+}
 37020 | Vaults:3 | Found a staircase to the Crypt.
 37020 | Vaults:3 | Found a basalt altar of Yredelemnul.
 37020 | Vaults:3 | Found an ancient bone altar of Kikubaaqudgha.
 37838 | Vaults:3 | Reached skill level 27 in Fighting
 39259 | Vaults:4 | Reached skill level 10 in Shields
 39531 | Vaults:4 | Noticed Mara
 39553 | Vaults:4 | Killed Mara
 40133 | Depths:1 | Entered Level 1 of the Depths
 40133 | Depths:1 | Found a one-way gate leading to the halls of Pandemonium.
 40356 | Depths:1 | Found a gateway to Hell.
 40387 | Depths:1 | Found a one-way gate to the infinite horrors of the Abyss.
 40613 | Depths:1 | Gained mutation: Your hexes are more powerful. [demonic
                  | ancestry]
 40613 | Depths:1 | Reached XP level 22. HP: 179/190 MP: 23/23
 40822 | Depths:1 | Reached skill level 5 in Throwing
 40909 | Depths:1 | Found Taotav's Neck Hole.
 42148 | Depths:2 | Reached skill level 5 in Dodging
 42294 | Depths:2 | Found a runed translucent gate.
 42294 | Depths:2 | Found a runed translucent gate.
 42294 | Depths:2 | Found a runed translucent gate.
 42416 | Depths:2 | Found a runed translucent gate.
 42416 | Depths:2 | Found a runed translucent gate.
 42416 | Depths:2 | Found a runed translucent gate.
 42836 | Depths:3 | Noticed a golden dragon
 43006 | Depths:3 | Noticed a juggernaut
 43512 | Depths:2 | Killed a golden dragon
 43639 | Depths:2 | Killed a juggernaut
 43640 | Depths:2 | Reached skill level 5 in Invocations
 44138 | Depths:3 | Found a broken altar of Ashenzari.
 44407 | Depths:4 | Entered Level 4 of the Depths
 44498 | Depths:4 | Found a runed translucent door.
 44559 | Depths:4 | Gained mutation: A meltable icy envelope protects you from
                  | harm. (AC +4) [demonic ancestry]
 44559 | Depths:4 | Reached XP level 23. HP: 189/197 MP: 27/27
 44578 | Depths:4 | Found a gate to the Realm of Zot.
 44660 | Depths:4 | Found a one-way gateway to a ziggurat.
 44908 | Depths:4 | Identified the +10 plate armour "Ikkyrgh" {SInv}
 45370 | Depths:4 | Noticed a juggernaut
 45383 | Depths:4 | Killed a juggernaut
 45447 | Depths:4 | Gained mutation: You occasionally lose the ability to drink
                  | potions when taking damage. [a cacodemon]
 46473 | Elf:1    | Entered Level 1 of the Elven Halls
 46661 | Elf:1    | Found Kooffa's General Store.
 46737 | Elf:1    | Paralysed by an air elemental for 1 turns
 46776 | Elf:1    | Reached skill level 10 in Throwing
 46784 | Abyss:2  | Cast into level 2 of the Abyss (a deep elf demonologist)
 46789 | Abyss:2  | Found a corrupted altar of Lugonu.
 46791 | Abyss:3  | Found a corrupted altar of Lugonu.
 46814 | Abyss:3  | Found a corrupted altar of Lugonu.
 46866 | Abyss:3  | Lost mutation: You occasionally lose the ability to drink
                  | potions when taking damage. [potion of mutation]
 46866 | Abyss:3  | Gained mutation: You have supernaturally acute eyesight.
                  | (SInv) [potion of mutation]
 46868 | Elf:1    | Escaped the Abyss
 47014 | Elf:1    | Found a runed translucent gate.
 47014 | Elf:1    | Found a runed translucent gate.
 47014 | Elf:1    | Found a runed translucent gate.
 47014 | Elf:1    | Found a runed translucent gate.
 47014 | Elf:1    | Found a runed translucent gate.
 47015 | Elf:1    | Found a runed translucent gate.
 47262 | Elf:1    | Found Daipsubo's Jewellery Boutique.
 47262 | Elf:1    | Found Epalotoxya's Book Emporium.
 47263 | Elf:1    | Found Xefevesch's Book Emporium.
 47931 | Elf:2    | Found Zaiduas's Weapon Shop.
 47936 | Elf:2    | Bought 6 curare-tipped darts for 136 gold pieces
 47938 | Elf:2    | Found a runed translucent gate.
 47938 | Elf:2    | Found a runed translucent gate.
 47938 | Elf:2    | Found a runed translucent gate.
 47940 | Elf:2    | Noticed Soammui's ghost (adept MiBe)
 47941 | Elf:2    | Found an iron altar of Okawaru.
 47996 | Elf:2    | Found Jeubowur's Antique Armour Emporium.
 47999 | Elf:2    | Bought a pair of faintly humming boots for 304 gold pieces
 47999 | Elf:2    | Identified the +0 pair of boots "Vocoqica" {Harm *Slow
                  | rCorr MP+9} (You bought it in a shop on level 2 of the
                  | Elven Halls)
 47999 | Elf:2    | Bought a faintly humming buckler for 304 gold pieces
 47999 | Elf:2    | Identified the +3 buckler "Imume" {rN+ Stlth+} (You bought
                  | it in a shop on level 2 of the Elven Halls)
 48061 | Elf:2    | Found a runed translucent gate.
 48061 | Elf:2    | Found a runed translucent gate.
 48061 | Elf:2    | Found a runed translucent gate.
 48302 | Elf:2    | Reached skill level 10 in Invocations
 48737 | Elf:3    | Entered Level 3 of the Elven Halls
 48747 | Elf:3    | Noticed Asterion
 48748 | Elf:3    | Found Faniw's Armour Shop.
 48763 | Elf:3    | Killed Asterion
 48795 | Elf:3    | Found a magical portal.
 48804 | WizLab   | Entered Yara's Duelist Academy
 49013 | WizLab   | Noticed Wyomenlao
 49019 | WizLab   | Killed Wyomenlao the Head Instructor
 49218 | WizLab   | Gained mutation: Your melee attacks may debilitate your
                  | foes. [demonic ancestry]
 49218 | WizLab   | Reached XP level 24. HP: 195/203 MP: 31/31
 49304 | Elf:3    | Noticed Roxanne
 49394 | Elf:3    | Identified the +4 short sword of the Evening {flame, rF+
                  | Str+3}
 49736 | Elf:3    | Reached skill level 10 in Dodging
 49752 | Elf:3    | Noticed Zenata
 49781 | Elf:3    | Killed Zenata
 50211 | Elf:3    | Identified the +8 long sword of the Hated {holy, +Blink rN+
                  | Int-2}
 50224 | Elf:3    | Found the dreamshard necklace {*Dream Drain}
 50230 | Elf:3    | Got the Secrets of the Misty Mortuary
 50284 | Elf:3    | Found the ring of Shadows {Umbra +Inv Stlth+}
 50287 | Elf:3    | Got the Catalogue of the Petrous Evil Eye
 50288 | Elf:3    | Found the +10 tower shield of Ignorance {rN+ Int-4}
 50965 | Vaults:5 | Entered Level 5 of the Vaults
 51866 | Vaults:5 | Identified the staff of poison "Agananeh" {rPois rC++ rCorr
                  | Dex+5}
 52045 | Vaults:5 | Killed from afar by a shadow dragon

Illustrated notes

Levels and vault maps discovered:
D:1:      sevenhm_arrival_forest_fort_large_4, layout_basic, serial_shops,
          nicolae_shop_trees, basic_ecumenical_altar, minmay_tetromino_o2
D:2:      layout_loops_corners
D:3:      layout_basic, uniq_natasha
D:4:      layout_rooms, yredelemnul_forgotten_temple_becter,
          hellmonk_okawaru_the_only_friend_you_need, serial_shops,
          nicolae_shop_tiny_glass, hangedman_glass_garden, kennysheep_dice,
          uniq_sigmund
D:5:      layout_loops_cross, nicolae_vehumet_radiance, jmf_multi_god_temple,
          minmay_temple_entry_antechambers
D:6:      cheibrodos_barr_body, layout_basic,
          grunt_temple_overflow_order_and_chaos_1, gup_ossuary_entry_pyramid,
          lightli_sewer_entry_pipes, minmay_misc_feat_secret_circle,
          uniq_duvessa
D:7:      minmay_the_grid_octo_triangle [minmay_the_grid_octo_concentric,
          minmay_the_grid_octo_prize_star, minmay_the_grid_octo_shrine],
          layout_basic, mainiacjoe_overflow_big_doors, kennysheep_generic_room_5
D:8:      layout_basic, glass_columns_a, kennysheep_generic_room_12,
          uniq_maggie, uniq_psyche
D:9:      layout_rooms, nicolae_dithmenos_the_darkroom, orc_0_dummy,
          minmay_misc_feat_chi
D:10:     layout_cave_pools, serial_shops, shop, uniq_lodul
D:11:     layout_roguey, david_lair_shrubbed, serial_shops, shop,
          hangedman_minor_magic
D:12:     layout_roguey
D:13:     layout_roguey, minmay_shop_grid_forest, uniq_azrael
D:14:     layout_rooms, lightli_vaults_fourway_checkpoint,
          hangedman_decor_peaks_small
D:15:     grunt_enter_depths_snipers, layout_basic,
          hangedman_abyss_or_decor_stabs, minivault_28
Temple:   nicolae_temple_godzebo
Lair:1:   layout_roguey, basic_altar, portal_ice_cave_entry_imps
Lair:2:   layout_cave_pods, skrybe_swamp_entry_bodies,
          hellmonk_spider_entry_not_the_bees, serial_forest,
          infiniplex_forest_clump_diagonal, infiniplex_forest_lined_room_2,
          infiniplex_forest_lined_corner, infiniplex_forest_lined_2,
          infiniplex_forest_lined_4_way, infiniplex_forest_clump_small,
          disabler_island, infiniplex_staircase_pool_2
Lair:3:   layout_cave_pods, pf_torpor_hydra, uniq_nergalle
Lair:4:   layout_roguey, minmay_slime_entry_jelly_boxes
Lair:5:   evilmike_catoblepas_cave, layout_gridlike,
          grunt_forest_large_clearing_hut
Swamp:1:  layout_falls_marsh, nicolae_swamp_orc_logging_accident
Swamp:2:  layout_basic_swamp, hangedman_swamp_ruin_hall
Swamp:3:  layout_basic_swamp, infiniplex_staircase_pool, swamp_pool2
Swamp:4:  swamp_basic_johnstein, layout_basic_swamp, swamp_pool1
Spider:1: nicolae_spider_hilbert_zone_2 [nicolae_spider_hilbert_4_sides_1_open,
          nicolae_spider_hilbert_4_sides_1_open,
          nicolae_spider_hilbert_4_sides_1_open,
          nicolae_spider_hilbert_4_sides_1_open,
          nicolae_spider_hilbert_6_sides_1_open,
          nicolae_spider_hilbert_6_sides_1_open,
          nicolae_spider_hilbert_3_sides_1_open,
          nicolae_spider_hilbert_3_sides_1_open,
          nicolae_spider_hilbert_3_sides_1_open,
          nicolae_spider_hilbert_3_sides_1_open,
          nicolae_spider_hilbert_6_sides_1_open,
          nicolae_spider_hilbert_6_sides_1_open,
          nicolae_spider_hilbert_6_sides_1_open,
          nicolae_spider_hilbert_6_sides_1_open], special_room
          [special_room_bee], uniq_kirke, uniq_jorgrun, uniq_nikola
Spider:2: layout_spider_delve, uniq_mlioglotl
Spider:3: layout_spider_delve, nicolae_spider_claw_tunnel, uniq_agnes
Spider:4: spider_rune_water, nicolae_spider_undead_wolf_pack
Orc:1:    layout_caves, serial_shops, nicolae_shop_stone
Orc:2:    st_orc_pillars, layout_caves, gauntlet_entry_generic, serial_shops,
          nicolae_shop_peninsula, uniq_nessos
Elf:1:    layout_loops_corners, serial_shops, nicolae_shop_just_a_little_nook,
          orc_legates, minmay_misc_feat_diagonals, corexii_leaking_fountain,
          minmay_shop_grove
Elf:2:    elven_hall_of_blades_hangedman_original [nicolae_blade_little_rooms],
          layout_rooms, gammafunk_ghost_fury_of_okawaru, serial_shops, shop,
          nicolae_shop_tiny_real_fake_doors
Elf:3:    minmay_elf_hall_spiked, layout_geoelf_octagon, serial_shops, shop,
          mu_enter_wizlab_3, uniq_roxanne, uniq_asterion, uniq_zenata
Vaults:1: grunt_vaults_funnel, vaults_standard_mumra_enter_the_diamond,
          v_misc_27, ontoclasm_vaults_tryst, v_rooms_1, v_misc_9,
          grunt_vaults_swirl, vaults_dpeg_hooks, v_misc_23,
          vaults_room_fancy_cross, layout_vaults_maze_bifur, serial_shops, shop,
          uniq_donald
Vaults:2: portal_desolation_entry_twin_temple, v_rooms_2,
          nicolae_vaults_hallways_thing, nicolae_vaults_network_star,
          nicolae_vaults_little_squares_5, ontoclasm_vaults_fault,
          st_spiral_rooms, ontoclasm_vaults_misaligned,
          nicolae_vaults_more_shelving_2, nicolae_vaults_three_branches,
          vaults_room_corners, layout_vaults_omnicross, serial_shops,
          bzr_firewalk
Vaults:3: vaults_dpeg_doors, ontoclasm_vaults_shout, ontoclasm_vaults_ligature,
          nicolae_vaults_trapezoid_layered, minmay_crypt_entry_necro_gods,
          v_pattern_5, nicolae_vaults_doubleplus_tesselated,
          nicolae_vaults_yaktaur_gun_rack, nicolae_vaults_theta,
          vaults_room_stairs_pillars, layout_vaults_omnigrid
Vaults:4: nicolae_vaults_closet_pinwheel_5, v_misc_27,
          nicolae_vaults_door_testing_chamber, nicolae_vaults_border_crossing,
          nicolae_vaults_wrenched, vaults_standard_mumra_enter_the_diamond,
          v_misc_17, nicolae_vaults_tetromino_T_2,
          nicolae_vaults_security_offices_4, ontoclasm_vaults_twist,
          vaults_room_large_hall, vaults_room_large_hall, layout_vaults_omnibox,
          uniq_mara
Vaults:5: serial_shops
Depths:1: nzn_winding_woodlands_cross [nzn_winding_woodlands_5x15_lazy_stream,
          nzn_winding_woodlands_5x15_concentric,
          nzn_winding_woodlands_5x15_sidewinder,
          nzn_winding_woodlands_5x15_default,
          nzn_winding_woodlands_15x15_killbox], layout_cross,
          chequers_serial_rivers_micro_c, hangedman_abyss_entry_splay,
          pan_entry, hell_entry, nicolae_shop_sticking_my_neck_out
Depths:2: kennysheep_treasure_stockpile, layout_gridlike,
          rand_demon_pan_entry_7, hangedman_tar_grid_catacomb
Depths:3: thingy_vault, layout_cave_pools, grunt_mini_vestibule,
          chequers_serial_rivers_large_b, abyss_entry, glass_columns_b,
          nicolae_ashenzari_skybound
Depths:4: evilmike_zot_entry_basic, layout_cave_shapes, enter_ziggurat_f,
          grunt_hell_entry_dis_grunt, lemuel_statue_altar,
          grunt_pan_entry_sceptre, lemuel_angel_altar

Skill      XL: |  1  2  3  4  5  6  7  8  9 10 11 12 13 14 15 16 17 18 19 20 21 22 23 24 |
---------------+-------------------------------------------------------------------------+-----
Axes           | 3 4 5 6 7 8 10 | 10.3
Armour         | 1 2 3 4 5 6 8 9 10 12 13 14 15 16 17 19 20 21 | 21.6
Fighting       | 3 4 5 6 7 9 11 12 14 15 18 19 21 23 25 26 27 | 27.0
Polearms       | 5 8 10 | 10.1
Shields        | 4 6 8 11 12 | 12.1
Invocations    | 2 6 11 12 | 12.2
Throwing       | 3 9 11 12 | 12.8
Dodging        | 3 7 9 10 | 10.5

Action                     |  1- 3 |  4- 6 |  7- 9 | 10-12 | 13-15 | 16-18 | 19-21 | 22-24 || total
---------------------------+-------+-------+-------+-------+-------+-------+-------+-------++-------
  Melee: War axe           |   150 |   102 |   409 |   170 |       |       |       |       ||   831
         Punch             |     2 |       |     3 |     7 |    14 |       |       |       ||    26
         Lance             |       |       |       |   525 |  1389 |  1980 |  1468 |  1782 ||  7144
         Headbutt          |       |       |       |    90 |   319 |   485 |   366 |   462 ||  1722
  Throw: Throwing net      |       |     3 |       |       |       |       |       |       ||     3
         Dart              |       |     5 |       |    15 |       |     8 |       |       ||    28
         Boomerang         |       |     1 |     4 |    13 |     9 |    16 |     9 |    14 ||    66
         Javelin           |       |     1 |       |     1 |       |    31 |       |     6 ||    39
   Cast: Summon Small Mamm |       |       |     3 |     6 |       |       |       |       ||     9
 Invoke: Recall Ancestor   |       |       |       |     1 |     1 |     2 |     6 |     5 ||    15
         Ancestor Life: He |       |       |       |     1 |       |       |       |       ||     1
         Ancestor Identity |       |       |       |     1 |       |       |       |       ||     1
  Evoke: Wand              |       |       |       |       |     1 |       |       |       ||     1
    Use: Scroll            |     2 |     4 |    17 |    11 |     3 |     5 |     3 |     4 ||    49
         Potion            |       |       |     2 |     1 |     3 |    10 |     2 |     2 ||    20
   Stab: Distracted        |       |       |       |    12 |    17 |    18 |    10 |    20 ||    77
         Confused          |       |       |       |     6 |    14 |    18 |    70 |    52 ||   160
         Petrified         |       |       |       |       |     1 |       |       |       ||     1
         Paralysed         |       |       |       |       |    20 |   118 |   119 |    67 ||   324
 Armour: Leather armour    |    23 |       |       |       |       |       |       |       ||    23
         Ring mail         |    32 |       |       |       |       |       |       |       ||    32
         Chain mail        |     5 |    54 |   322 |   212 |   256 |       |       |       ||   849
         Plate armour      |       |       |       |       |   160 |   770 |   275 |   450 ||  1655
  Dodge: Dodged            |   100 |    43 |   251 |   240 |   496 |   882 |   296 |   460 ||  2768
  Block: Other             |    32 |    21 |    90 |    57 |    88 |       |       |       ||   288
         Buckler           |       |       |       |       |    57 |   616 |   168 |       ||   841
         Kite shield       |       |       |       |       |       |       |   106 |   584 ||   690
         Reflection        |       |       |       |       |       |       |     8 |    31 ||    39
